 Dungeon Crawl Stone Soup version 0.22.1-6-g1668fe2c40 (webtiles) character file.

44 Rediskos the Grave Robber (level 3, -5/20 HPs)
             Began as a Deep Elf Necromancer on Jan 23, 2019.
             Killed by nerve-wracking pain
             ... invoked by a shadow imp
             ... summoned by Natasha
              (14 damage)
             ... on level 1 of the Dungeon.
             The game lasted 00:06:10 (2099 turns).

Rediskos the Grave Robber (Deep Elf Necromancer)    Turns: 2099, Time: 00:06:11

Health: -5/20      AC:  3    Str:  5    XL:     3   Next: 39%
Magic:  1/10       EV: 13    Int: 20    God:
Gold:   56         SH:  0    Dex: 15    Spells: 1/9 levels left

rFire    . . .     SeeInvis .   (no weapon)
rCold    . . .     Gourm    .   (no shield)
rNeg     . . .     Faith    .   a - +0 robe
rPois    .         Spirit   .   (no helmet)
rElec    .         Reflect  .   (no cloak)
rCorr    .         Harm     .   (no gloves)
MR       .....                  i - +0 pair of boots
Stlth    ++........             (no amulet)
HPRegen  1.06/turn              (no ring)
MPRegen  0.12/turn              (no ring)

@: regenerating, slowed, very slow
A: no striking features
a: no special abilities


You were on level 1 of the Dungeon.
You were very hungry.

You visited 1 branch of the dungeon, and saw 2 of its levels.

You collected 56 gold pieces.

Inventory:

Armour
 a - a +0 robe (worn)
 i - a +0 pair of boots (worn)
Scrolls
 d - a scroll of identify {unknown}
 e - a scroll of enchant weapon {unknown}
 h - a scroll of remove curse {unknown}
Potions
 b - a potion of flight {unknown}
 f - a potion of curing {unknown}
 g - 2 potions of haste {unknown}
Comestibles
 c - a ration


   Skills:
 + Level 0.9 Fighting
 + Level 3.0 Dodging
 - Level 2.4 Stealth
 + Level 3.5 Spellcasting
 * Level 5.5 Necromancy


You had one spell level left.
You knew the following spells:

 Your Spells              Type           Power        Failure   Level  Hunger
a - Pain                  Necr           ####         1%          1    None
d - Vampiric Draining     Necr           ####......   4%          3    ###....
r - Regeneration          Chrm/Necr      ##........   13%         3    ###....
s - Animate Skeleton      Necr           N/A          1%          1    None

Your spell library contained the following spells:

 Spells                   Type           Power        Failure   Level  Hunger
 Animate Dead             Necr           N/A          14%         4    ####...


Dungeon Overview and Level Annotations

Branches:
Dungeon (2/15)

Altars:

Annotations:
D:1 Natasha


Message History

The shadow imp barely misses you. The shadow imp closely misses you.
Your skin is crawling a little less now.
Natasha casts a spell.
Natasha casts a spell.
The shadow imp hits you but does no damage.
You are feeling very hungry.
The iron imp puffs mist at you.
Your skin stops crawling.
The shadow imp hits you but does no damage.
The shadow imp gestures at you. Pain shoots through your body!
Ouch! That really hurt!
Casting: Regeneration (safe; 13% risk of failure)
Confirm with . or Enter, or press ? or * to list all spells.
Your skin crawls.
The shadow imp gestures at you. Pain shoots through your body!
Ouch! That really hurt!
You die...

######### #........ #.#######
### #.# ##### ##.## ### #.#
#.... ##)#.##### ##.###.#
#.###
#####........####...##.###.# #
#........#.#.@.5h5.........###
#.###.#..#.######5..##........
#.# #....#.# ##.########...
#.# #.##.#.# #.# #...
#.###......# #)# ####
#..Z.....### ##'## #
#####.#### ##.5.## # #.####
##>....## ### #.##.##
##.......## ##.#


You could see an iron imp, Natasha and 2 shadow imps.

Vanquished Creatures
  A dart slug (D:1)
  A bat (D:2)
  3 giant cockroaches
  2 goblins (D:1)
  2 hobgoblins
  8 jackals
  7 kobolds (D:1)
  A quokka (D:2)
  A frilled lizard (D:1)
  3 rats (D:1)
29 creatures vanquished.

Vanquished Creatures (collateral kills)
  An ooze (D:1)
  An adder zombie (D:2)
  A rat (D:2)
3 creatures vanquished.

Grand Total: 32 creatures vanquished

Notes
Turn   | Place    | Note
-------+----------+-------------------------------------------
     0 | D:1      | Rediskos the Deep Elf Necromancer began the quest for the
                  | Orb.
     0 | D:1      | Reached XP level 1. HP: 10/10 MP: 6/6
    22 | D:1      | Learned a level 1 spell: Animate Skeleton
   337 | D:1      | Reached skill level 5 in Necromancy
   501 | D:1      | Reached XP level 2. HP: 13/15 MP: 5/8
  1034 | D:2      | Noticed Natasha
  1685 | D:2      | Reached XP level 3. HP: 9/20 MP: 7/9
  1690 | D:2      | Learned a level 3 spell: Vampiric Draining
  1694 | D:2      | Learned a level 3 spell: Regeneration
  2099 | D:1      | Killed from afar by a shadow imp

Skill      XL: |  1  2  3 |
---------------+----------+-----
Necromancy     | 5 |  5.5
Dodging        | 3 |  3.0
Fighting       | |  0.9
Stealth        | |  2.4
Spellcasting   | |  3.5

Action                   || total
-------------------------++-------
Melee: Unarmed           ||     4
 Cast: Pain              ||    50
       Animate Skeleton  ||    11
       Regeneration      ||     4
  Eat: Chunk             ||     3
Armor: Robe              ||    18
Dodge: Dodged            ||    51
